 Dungeon Crawl Stone Soup version 0.29.1-2-gbd0b4ee654 (webtiles) character file.

Game seed: 9923157116427685848

5342 Icepheonix32 the Fighter (level 10, 0/99 HPs)
             Began as a Minotaur Fighter on Oct 27, 2022.
             Was a Believer of Okawaru.
             Slain by a troll (8 damage)
             ... on level 9 of the Dungeon.
             The game lasted 00:08:57 (8404 turns).

Icepheonix32 the Fighter (Minotaur Fighter)         Turns: 8404, Time: 00:08:58

Health: 0/99       AC: 14    Str: 24    XL:     10   Next: 38%
Magic:  0/9        EV: 13    Int:  9    God:    Okawaru [**....]
Gold:   207        SH:  0    Dex: 10    Spells: 9/9 levels left

rFire   . . .      SeeInvis .   J - +4 long sword (freeze)
rCold   . . .      Faith    .   k - orb {light}
rNeg    . . .      Spirit   +   G - +5 leather armour of Yredelemnul's Outrage {Str+3 Slay+5}
rPois   .          Reflect  .   (helmet restricted)
rElec   .          Harm     .   s - +0 cloak
rCorr   .          Rampage  .   (no gloves)
Will    +....                   (no boots)
Stlth   +.........              y - amulet of guardian spirit
HPRegen 0.26/turn               D - +4 ring of protection
MPRegen 0.11/turn               L - ring of willpower

@: mighty, attractive, glowing
A: horns 2, retaliatory headbutt
a: Renounce Religion, Heroism


You were on level 9 of the Dungeon.
You worshipped Okawaru.
Okawaru was pleased with you.
You visited 2 branches of the dungeon, and saw 10 of its levels.

You collected 437 gold pieces.
You spent 230 gold pieces at shops.

Inventory:

Hand Weapons
 a - a +0 war axe
 H - a +1 vampiric spear
 J - a +4 long sword of freezing (weapon)
 K - a +3 spear
Missiles
 A - 4 curare-tipped darts (quivered)
 C - 7 boomerangs
 I - 2 throwing nets
Armour
 c - a +0 buckler
 i - a +1 leather armour of willpower
 k - an orb of light (worn)
 s - a +0 cloak (worn)
 E - a +0 kite shield
 G - the +5 leather armour of Yredelemnul's Outrage (worn) {Str+3 Slay+5}
   (You found it on level 5 of the Dungeon)

   Str:       It affects your strength (+3).
   Slay:      It affects your accuracy & damage with ranged weapons and melee
   (+5).
Jewellery
 y - an amulet of guardian spirit (around neck)
 D - a +4 ring of protection (left hand)
 L - a ring of willpower (right hand)
Wands
 w - a wand of paralysis (6)
 M - a wand of polymorph (10)
 P - a wand of iceblast (12)
 Q - a wand of flame (9)
 R - a wand of acid (5)
Scrolls
 e - 3 scrolls of immolation {unknown}
 g - 2 scrolls of amnesia {unknown}
 j - a scroll of butterflies {unknown}
 l - 2 scrolls of fear {unknown}
 m - 2 scrolls of enchant weapon
 q - 2 scrolls of noise
 r - 8 scrolls of identify
 t - 4 scrolls of poison {unknown}
 u - 2 scrolls of torment {unknown}
 B - 3 scrolls of vulnerability {unknown}
 F - 4 scrolls of teleportation
 N - a scroll of magic mapping {unknown}
 S - a scroll of brand weapon {unknown}
Potions
 b - a potion of lignification {unknown}
 d - a potion of might
 f - 4 potions of attraction
 h - 5 potions of mutation {unknown}
 n - a potion of ambrosia
 o - a potion of heal wounds {unknown}
 p - a potion of invisibility {unknown}
 v - a potion of brilliance {unknown}
 x - 2 potions of degeneration
 z - 5 potions of haste {unknown}
 O - 3 potions of berserk rage {unknown}


   Skills:
 * Level 12.5 Fighting
 + Level 6.1 Long Blades
 - Level 7.5(7.7) Axes
 - Level 2.9(5.5) Polearms
 + Level 6.4 Armour
 + Level 6.7 Dodging
 + Level 2.0 Stealth
 + Level 4.2 Shields


You had 9 spell levels left.
You didn't know any spells.
Your spell library contained the following spells:

 Spells                   Type           Power      Damage    Failure   Level
 Necrotise                Necr           0%         1d4       41%         1
 Gell's Gravitas          Tloc           0%         N/A       80%         3
 Ignite Poison            Fire/Tmut/Pois 0%         N/A       80%         3
 Lesser Beckoning         Tloc           0%         N/A       80%         3
 Mephitic Cloud           Conj/Pois/Air  0%         N/A       80%         3
 Teleport Other           Tloc           0%         N/A       80%         3
 Petrify                  Tmut/Erth      0%         N/A       99%         4
 Freezing Cloud           Conj/Ice/Air   0%         6-21      100%        5
 Statue Form              Tmut/Erth      0%         N/A       100%        6
 Shatter                  Erth           0%         3d5*      100%        9


Dungeon Overview and Level Annotations

Branches:
Dungeon (9/15)             Temple (1/1) D:6            Lair (0/5) D:9
    Orc: D:9-12

Altars:
Ashenzari
Cheibriados
Dithmenos
Elyvilon
Gozag
Hepliaklqana
Kikubaaqudgha
Makhleb
Nemelex Xobeh
Okawaru
Qazlal
Ru
Sif Muna
Trog
Uskayaw
Vehumet
Wu Jian
Xom
Yredelemnul
Zin

Shops:
D:1 *   D:3 :   D:5 [**   D:7 ?   D:9 ?

Annotations:
D:6 2 transporters, LustLizard's ghost, novice DjCj


Innate Abilities, Weirdness & Mutations

You have a pair of horns on your head.
You reflexively headbutt those who attack you in melee.


Message History

Unknown command.
The troll bites you! The troll closely misses you. The troll barely misses you.
The hound bites you.
The steam dragon attacks as you move away!
The steam dragon barely misses you. The steam dragon misses you.
The hound attacks as you move away! The hound bites you.
* * * LOW HITPOINT WARNING * * *
The troll attacks as you move away! The troll misses you.
You furiously retaliate!
You headbutt the troll. The troll claws you.
* * * LOW HITPOINT WARNING * * *
The troll closely misses you.
You feel very mighty all of a sudden. The hound completely misses you.
You furiously retaliate!
You headbutt the hound!!
You kill the hound!
Okawaru accepts your kill. The killer bee stings you.
* * * LOW HITPOINT WARNING * * *
You slash the killer bee! You freeze the killer bee.
You kill the killer bee!
Okawaru accepts your kill.
You barely miss the steam dragon. You headbutt the steam dragon.
The steam dragon is severely wounded.
The steam dragon breathes steam at you. The ball of steam hits you!
* * * LOW HITPOINT WARNING * * *
You hear two shouts!
You hear a shout! x2
Unknown command.
You slice the steam dragon!! You freeze the steam dragon.
You kill the steam dragon!
Okawaru accepts your kill.
The steam dragon scales are intact enough to wear.
You are engulfed in a cloud of scalding steam.
* * * LOW HITPOINT WARNING * * *
Your Stealth skill increases to level 2!
It was a potion of attraction.
You feel attractive to monsters.
You are engulfed in a cloud of scalding steam.
The troll bites you!
You die...

#...≈≈~.. #..~≈~...
...~≈~.~. #.~~≈.... ..
#.~≈~.~.> #. #..≈~~... #
#. ###††~~≈.~.
#.#.##@TK†.~≈~≈~
#.#.#..#...~~≈~≈
#.....##..~~~≈.~
.####.###.#.##......≈~
.............+......~.
###.######.#.##......~.
#≈#.#≈# #..#.##...$....
###≈#.#≈######.##########
#≈≈≈#.#≈≈≈####.#######


You could see a troll and a kobold.

Vanquished Creatures
  A hornet (D:8)
  Sigmund (D:2)
  Eustachio (D:6)
  2 steam dragons
  4 water moccasins
  5 ice beasts
  2 black bears (D:5)
  2 orc warriors
  4 centaurs
  7 ogres
  2 wolves (D:9)
  A gnoll sergeant (D:5)
  3 necrophages
  2 bullfrogs
  3 scorpions
  10 wights
  6 killer bees
  An electric eel (D:9)
  A howler monkey (D:7)
  9 hounds
  2 gnoll boudas
  2 iguanas
  10 orc wizards
  2 adders
  19 gnolls
  An ufetubus (D:4)
  A dart slug (D:5)
  21 orcs
  7 ball pythons
  4 endoplasms
  2 giant cockroaches
  8 goblins
  4 hobgoblins
  3 jackals
  3 quokkas
  5 bats
  9 frilled lizards
  11 kobolds
  5 rats
186 creatures vanquished.

Vanquished Creatures (others)
  5 plants (D:6)
5 creatures vanquished.

Grand Total: 191 creatures vanquished

Notes
Turn   | Place    | Note
-------+----------+-------------------------------------------
     0 | D:1      | Icepheonix32 the Minotaur Fighter began the quest for the
                  | Orb.
     0 | D:1      | Reached XP level 1. HP: 19/19 MP: 0/0
     0 | D:1      | Noticed a merfolk zombie
     1 | D:1      | Noticed a dwarf
     4 | D:1      | Noticed a formicid
     7 | D:1      | Noticed a demonspawn
    11 | D:1      | Noticed a felid
    13 | D:1      | Noticed a gargoyle
    13 | D:1      | Noticed a draconian
    19 | D:1      | Noticed a formicid
   237 | D:1      | Reached skill level 4 in Fighting
   237 | D:1      | Reached XP level 2. HP: 26/27 MP: 1/1
   505 | D:1      | Found Kiwamm's Assorted Antiques.
   515 | D:1      | Bought a murky emerald potion for 26 gold pieces
   782 | D:2      | Reached XP level 3. HP: 32/33 MP: 2/2
   813 | D:2      | Noticed Sigmund
   820 | D:2      | Killed Sigmund
   821 | D:2      | Reached skill level 5 in Fighting
   821 | D:2      | Reached skill level 1 in Dodging
   821 | D:2      | Reached XP level 4. HP: 31/42 MP: 3/3
   821 | D:2      | Reached XP level 5. HP: 36/48 MP: 4/4
  1616 | D:2      | Found a faded altar of an unknown god.
  1759 | D:1      | Bought a scroll labelled SINLOE TUVOU for 29 gold pieces
  1759 | D:1      | Bought a scroll labelled HIDULU ORAEVU for 29 gold pieces
  1954 | D:3      | Got Vottios's Compilation of Unholy Spelunking
  2097 | D:3      | Found Lest's Book Shop.
  2172 | D:3      | Found a shadowy altar of Dithmenos.
  2172 | D:3      | Noticed a shadow
  2179 | D:3      | Found a hazy altar of Hepliaklqana.
  2439 | D:3      | You fall into a shaft and drop 3 floors!
  2450 | D:6      | Reached skill level 5 in Axes
  2450 | D:6      | Reached XP level 6. HP: 50/56 MP: 5/5
  2450 | D:6      | Noticed a hornet
  2459 | D:6      | Noticed LustLizard's ghost (novice DjCj)
  2464 | D:6      | Noticed a queen bee
  2512 | D:6      | Reached skill level 6 in Fighting
  2730 | D:6      | Found a transporter.
  2735 | D:6      | Found a transporter.
  2746 | D:6      | Noticed an ice beast
  2757 | D:6      | Killed an ice beast
  2758 | D:6      | Reached XP level 7. HP: 41/64 MP: 6/6
  2931 | D:5      | Entered Level 5 of the Dungeon
  2941 | D:5      | Reached skill level 5 in Armour
  3057 | D:5      | Found Kenangim's General Store.
  3154 | D:5      | Found Yzonechi's General Store.
  3163 | D:5      | Bought a potion of degeneration for 12 gold pieces
  3182 | D:4      | Reached skill level 7 in Fighting
  3200 | D:4      | Reached skill level 1 in Stealth
  3449 | D:1      | Bought a pink potion for 26 gold pieces
  3449 | D:1      | Bought a pink potion for 26 gold pieces
  3449 | D:1      | Bought a sedimented red potion for 26 gold pieces
  3659 | D:4      | Reached XP level 8. HP: 69/73 MP: 7/7
  4493 | D:5      | Found Ikeevog's Antique Armour Shop.
  4734 | D:5      | Reached skill level 8 in Fighting
  4752 | D:5      | Identified the +5 leather armour of Yredelemnul's Outrage
                  | {Str+3 Slay+5}
  5210 | D:6      | Reached skill level 9 in Fighting
  5336 | D:6      | Noticed Eustachio
  5337 | D:6      | Reached skill level 1 in Polearms
  5376 | D:6      | Killed Eustachio
  5377 | D:6      | Reached XP level 9. HP: 84/84 MP: 8/8
  5719 | D:6      | Reached skill level 10 in Fighting
  5767 | D:6      | Reached skill level 5 in Dodging
  5889 | D:6      | Found a staircase to the Ecumenical Temple.
  5896 | Temple   | Entered the Ecumenical Temple
  6214 | Temple   | Became a worshipper of Warmaster Okawaru
  6282 | D:6      | Reached skill level 11 in Fighting
  6450 | D:7      | Reached skill level 1 in Long Blades
  6469 | D:7      | Found Xymoklots's Magic Scroll Boutique.
  6494 | D:7      | Bought a scroll of noise for 14 gold pieces
  6494 | D:7      | Bought a scroll of teleportation for 42 gold pieces
  6850 | D:7      | Reached * piety under Okawaru
  6937 | D:7      | Found a shimmering blue altar of Sif Muna.
  7060 | D:7      | Found a glowing silver altar of Zin.
  7060 | D:7      | Found a broken altar of Ashenzari.
  7060 | D:7      | Found an opulent altar of Gozag.
  7100 | D:7      | Found a sparkling altar of Nemelex Xobeh.
  7111 | D:7      | Found a bloodstained altar of Trog.
  7114 | D:7      | Found a burning altar of Makhleb.
  7115 | D:7      | Found a snail-covered altar of Cheibriados.
  7457 | D:8      | Reached XP level 10. HP: 97/97 MP: 9/9
  7529 | D:8      | Reached skill level 12 in Fighting
  7884 | D:8      | Reached skill level 5 in Long Blades
  7955 | D:8      | Reached ** piety under Okawaru
  8368 | D:9      | Found Holas's Magic Scroll Shop.
  8385 | D:9      | Found a staircase to the Lair.
  8404 | D:9      | Slain by a troll

Illustrated notes

Levels and vault maps discovered:
D:1:      shiori_arrival_whats_in_store_for_you, layout_loops_ring,
          serial_shops, nicolae_shop_waterfront
D:2:      layout_loops_ring, shapermc_ecumenical_altar_pompeii,
          minmay_misc_feat_encased, minivault_11, uniq_sigmund
D:3:      layout_loops_ring, riverfiend_overflow_shadow_ancestor, serial_shops,
          shop
D:4:      layout_rooms
D:5:      minmay_spotlight, layout_basic, serial_shops, nicolae_square_shop,
          nicolae_take_the_stairs, nicolae_shop_hallway_stairs
D:6:      layout_rooms, minmay_temple_entry_gardened_gates,
          gammafunk_ghost_hive, minmay_misc_feat_cross,
          chequers_serial_rivers_small_b, kennysheep_generic_room_4,
          uniq_eustachio
D:7:      layout_layer_cave, kennysheep_orc_sif_temple,
          nicolae_overflow_hallway_of_the_gods, serial_shops, shop_fountains,
          st_stairs_14
D:8:      layout_loops_cross, bh_walls_and_bars
D:9:      layout_basic, grunt_temple_overflow_open, erik_lair_island,
          serial_aquarium, aquarium_bridge_square [aquarium_subvault_bridge,
          aquarium_subvault_wall, aquarium_subvault_bridge,
          aquarium_subvault_bridge], aquarium_window_fake, aquarium_window_fake,
          aquarium_window_1, aquarium_window_fake, aquarium_view_2c,
          aquarium_balcony_3b, aquarium_pool_four, serial_shops, shop
Temple:   dpeg_chambers_temple

Skill      XL: |  1  2  3  4  5  6  7  8  9 10 |
---------------+-------------------------------+-----
Fighting       | 4 5 6 7 9 11 12 | 12.5
Axes           | 3 4 5 6 7 |  7.5
Armour         | 4 5 6 |  6.4
Dodging        | 1 2 4 6 |  6.7
Shields        | 4 |  4.2
Stealth        | 1 2 |  2.0
Polearms       | 1 2 |  2.9
Long Blades    | 4 6 |  6.1

Action                   |  1- 3 |  4- 6 |  7- 9 | 10-12 || total
-------------------------+-------+-------+-------+-------++-------
Melee: War axe           |    53 |    68 |   102 |       ||   223
       Headbutt          |     5 |     9 |    49 |    12 ||    75
       Spear             |       |       |    91 |       ||    91
       Long sword        |       |       |    60 |    52 ||   112
  Use: Scroll            |       |     2 |       |       ||     2
       Potion            |       |       |       |     2 ||     2
Armor: Scale mail        |    15 |       |       |       ||    15
       Leather armour    |    10 |    22 |    74 |    33 ||   139
Dodge: Dodged            |    30 |    42 |   155 |    56 ||   283
Block: Buckler           |     5 |       |       |       ||     5
